 Dungeon Crawl Stone Soup version 0.32-a0-898-g7811c86cf0 (webtiles) character file.

Game seed: 17047981839259982880

442 KennySheep the Sneak (level 6, 0/51 HPs)
             Began as an Armataur Warper on Apr 5, 2024.
             Slain by a gnoll bouda
             ... wielding a +0 club
              (3 damage)
             ... on level 5 of the Dungeon.
             The game lasted 00:15:31 (4369 turns).

KennySheep the Sneak (Armataur Warper)              Turns: 4369, Time: 00:15:32

Health: 0/51       AC:  5    Str: 16    XL:     6   Next: 71%
Magic:  17/17      EV:  8    Int: 14    God:
Gold:   199        SH:  4    Dex: 11    Spells: 6/8 levels left

rFire   + . .        a - +0 short sword
rCold   + . .        p - +0 buckler
rNeg    . . .        b - +0 leather armour
rPois   .            (no helmet)
rElec   .            f - scarf {rC+ rF+}
rCorr   .            n - +0 pair of gloves
SInv    .            (no barding)
Will    .....        q - amulet of magic regeneration
Stlth   +++          l - ring of magical power
HPRegen 0.28/turn    (no ring)
MPRegen 0.55/turn

%: roll
@: weakened, invisible
A: large, deformed body, tough skin 3, armoured tail, rollpage 1
a: no special abilities


You were on level 5 of the Dungeon.
You visited 1 branch of the dungeon, and saw 6 of its levels.

You collected 199 gold pieces.

Inventory:

Hand Weapons
 a - a +0 short sword (weapon)
 h - a +0 dagger
Missiles
 d - 2 darts of dispersal (quivered)
 t - 3 poisoned darts
Armour
 b - a +0 leather armour (worn)
 f - a scarf of resistance (worn)
 n - a +0 pair of gloves (worn)
 p - a +0 buckler (worn)
Jewellery
 l - a ring of magical power (left hand)
 q - an amulet of magic regeneration (around neck)
Talismans
 o - a serpent talisman
Scrolls
 c - a scroll of blinking
 g - a scroll of fog
 k - 2 scrolls of enchant weapon
 v - a scroll of poison
Potions
 i - a potion of resistance
 j - 2 potions of invisibility
 m - a potion of ambrosia {unknown}
 r - 2 potions of degeneration {unknown}
 s - 2 potions of curing {unknown}
 u - a potion of berserk rage {unknown}


   Skills:
 + Level 3.3 Fighting
 + Level 3.4 Short Blades
 - Level 0.8 Throwing
 - Level 1.2 Armour
 - Level 1.3 Dodging
 * Level 5.4 Stealth
 + Level 2.3 Shields
 - Level 1.7 Spellcasting
 - Level 3.0 Translocations


You had 6 spell levels left.
You knew the following spells:

 Your Spells              Type           Power      Damage    Failure   Level
a - Blink                 Tloc           18%        N/A       17%         2

Your spell library contained the following spells:

 Spells                   Type           Power      Damage    Failure   Level
 Lesser Beckoning         Tloc           18%        N/A       17%         2
 Maxwell's Portable Pile  Tloc           9%         2d(6-16)  34%         3
 Teleport Other           Tloc           9%         N/A       34%         3
 Vhi's Electric Charge    Tloc/Air       10%        N/A       91%         4


Dungeon Overview and Level Annotations

Branches:
Dungeon (6/15)
 Temple: D:4-7

Altars:
Fedhas
Makhleb

Shops:
D:1 (

Annotations:
D:3 1 runed translucent door, JoadsterXIII's ghost, amateur CoGl


Innate Abilities, Weirdness & Mutations

Armour fits poorly on your strangely shaped body.
You have extremely tough skin. (AC +3)
You have a long armoured tail.
You regenerate magic when rolling toward enemies. (Rampage MPRegen)


Message History

The gnoll hits you with a +0 club. x2
The gnoll bouda gazes fiercely through you!
You feel as though you will be weak longer.
You barely miss the gnoll. You tail-slap the gnoll.
The gnoll is heavily wounded.
The gnoll hits you with a +0 club. The gnoll hits you but does no damage.
You barely miss the gnoll.
You tail-slap the gnoll, but do no damage.
The gnoll is heavily wounded.
The gnoll hits you with a +0 club! The gnoll hits you but does no damage.
You hit the gnoll.
The gnoll is heavily wounded.
The gnoll bouda gazes fiercely through you!
You feel as though you will be weak longer.
The gnoll bouda hits you with a +0 club!
You block the gnoll's attack.
You hit the gnoll.
The gnoll is almost dead.
The gnoll closely misses you.
The gnoll bouda hits you with a +0 club!
You block the gnoll's attack.
You fade into invisibility!
You block the gnoll's attack. You block the gnoll bouda's attack.
The gnoll closely misses you.
You catch the helpless gnoll completely off-guard!
You puncture the gnoll!
You kill the gnoll!
The gnoll hits you with a +0 club. You block the gnoll bouda's attack.
You hit the gnoll but do no damage. You tail-slap the gnoll.
The gnoll is lightly wounded.
The gnoll hits you with a +0 club.
* * * LOW HITPOINT WARNING * * *
The gnoll bouda hits you with a +0 club!
* * * LOW HITPOINT WARNING * * *
You catch the helpless gnoll completely off-guard!
You hit the gnoll.
The gnoll is heavily wounded.
The gnoll completely misses you.
The gnoll bouda hits you with a +0 club.
You die...

... ).. ... ...
......#........ ....
#..^........... .....
#............. #...#
###............ #...#
#..............
#..)## #............
#.g@####............
#.g...#.............
##..........####....
#........#..##.....
##..>...###....#...
#.......###...###..
##.........#...###..
........####.#.##...
/.........###.##.....


You could see a gnoll bouda (unable to see you) and a gnoll (swift, unable to
see you).

Vanquished Creatures
  A scorpion (D:4)
  A bombardier beetle (D:5)
  Natasha (thrice) (D:3)
  2 iguanas
  An orc wizard (D:4)
  4 gnolls
  7 adders
  A shadow imp (D:5)
  A ribbon worm (D:4)
  A dart slug (D:1)
  6 orcs
  9 endoplasms
  3 giant cockroaches
  7 goblins
  9 hobgoblins
  5 jackals (D:1)
  5 kobolds
  3 quokkas
  5 ball pythons
  A bat (D:2)
  3 frilled lizards
  8 rats
86 creatures vanquished.

Notes
Turn   | Place    | Note
-------+----------+-------------------------------------------
     0 | D:1      | KennySheep the Armataur Warper began the quest for the Orb.
     0 | D:1      | Reached XP level 1. HP: 17/17 MP: 3/3
   113 | D:1      | Reached skill level 1 in Stealth
   239 | D:1      | Reached XP level 2. HP: 19/24 MP: 4/4
   451 | D:1      | Found Otwenufe's Weapon Emporium.
   528 | D:1      | Reached skill level 2 in Stealth
   570 | D:1      | Reached XP level 3. HP: 22/29 MP: 5/5
   682 | D:1      | Learned a level 2 spell: Blink
  1160 | D:2      | Reached skill level 3 in Stealth
  1232 | D:2      | Reached XP level 4. HP: 37/37 MP: 6/6
  1533 | D:2      | You fall into a shaft and drop 2 floors!
  2026 | D:3      | Noticed Natasha
  2038 | D:3      | Killed Natasha
  2039 | D:3      | Reached XP level 5. HP: 36/42 MP: 7/7
  2043 | D:3      | Reached skill level 4 in Stealth
  2063 | D:3      | Noticed Natasha
  2109 | D:3      | Killed Natasha
  2110 | D:3      | Reached skill level 1 in Shields
  2350 | D:3      | Found a burning altar of Makhleb.
  2401 | D:3      | Found a blossoming altar of Fedhas.
  2478 | D:3      | Found a faded altar of an unknown god.
  2492 | D:3      | Noticed Natasha
  2504 | D:3      | Killed Natasha
  2657 | D:3      | Found a runed translucent door.
  2658 | D:3      | Noticed JoadsterXIII's ghost (amateur CoGl)
  2872 | D:4      | Reached XP level 6. HP: 10/51 MP: 8/8
  3370 | D:5      | Entered Level 5 of the Dungeon
  3416 | D:5      | Reached skill level 5 in Stealth
  3848 | D:6      | Noticed an ice beast
  3848 | D:6      | Noticed a sky beast
  4369 | D:5      | Slain by a gnoll bouda

Illustrated notes

Levels and vault maps discovered:
D:1:      ncdulo_halloftheorcs, layout_basic, serial_shops,
          nicolae_shop_scrapyard
D:2:      layout_rooms, serial_bayou, serial_bayou_lake_a,
          serial_bayou_crossing, serial_bayou_pond_e, serial_bayou_pond_c,
          nicolae_concentric_dashed_squares_mild, chequers_hall_statues_wall_a,
          fountainhead
D:3:      layout_rooms, mainiacjoe_overflow_catch_the_wave,
          ebering_ghost_reflecting_pool, chequers_ecumenical_altar_simple_redux,
          uniq_natasha
D:4:      layout_basic, minivault_26, serial_library_hellmonk_room_c
D:5:      layout_layer_cave
D:6:      layout_cave_pools, serial_shops, shop_statue, uniq_duvessa,
          uniq_jeremiah

Skill      XL: |  1  2  3  4  5  6 |
---------------+-------------------+-----
Stealth        | 1 2 3 4 5 |  5.4
Fighting       | 2 3 |  3.3
Short Blades   | 2 3 |  3.4
Shields        | 1 2 |  2.3
Throwing       | |  0.8
Armour         | |  1.2
Dodging        | |  1.3
Spellcasting   | |  1.7
Translocations | |  3.0

Action                     |  1- 3 |  4- 6 || total
---------------------------+-------+-------++-------
  Melee: Short sword       |   149 |   283 ||   432
         Tailslap          |    16 |    52 ||    68
  Throw: Dart              |       |     5 ||     5
   Cast: Blink             |       |     2 ||     2
    Use: Potion            |     1 |     7 ||     8
         Scroll            |       |     5 ||     5
   Stab: Sleeping          |     6 |     7 ||    13
         Invisible         |       |     5 ||     5
 Armour: Leather armour    |    81 |   175 ||   256
  Dodge: Dodged            |    41 |    93 ||   134
  Block: Buckler           |       |    38 ||    38

Table legend: (Time is in decaauts)
 A = Elapsed time spent in this place.
 B = Non-inter-level travel time spent in this place.
 C = Inter-level travel time spent in this place.
 D = Time resting spent in this place.
 E = Time spent auto-exploring this place.
 F = Levels seen in this place.
 G = Mean time per level.
                   A        B        C        D        E       F      G
               +--------+--------+--------+--------+--------+-----+--------+
         Total |   4330 |   4184 |    146 |    727 |   2455 |   6 |  721.7 |
       Dungeon |   4330 |   4184 |    146 |    727 |   2455 |   6 |  721.7 |
               +--------+--------+--------+--------+--------+-----+--------+

Top non-repeatable levels by time:
     D:1: 1124 daAuts
     D:4: 922 daAuts
     D:5: 781 daAuts
     D:2: 778 daAuts
     D:3: 711 daAuts
     D:6: 12 daAuts
